AoeStats
← Arcturius

Arabia

510735844Analyzed
2v2 RM · 19h ago on Oct 2, 2026· 67m 29s· 4 players
Game mode
Random Map
Map size
Medium (4 player)
Population
200
Speed
Normal
Resources
Standard
Victory
Conquest
Starting age
Dark Age
Ending age
Imperial Age
RankedLock teamsTeams togetherTeam positionsShared explorationLock speedFull tech treeHidden civsTurbo modeCheats
Victory
Defeat
🇫🇷 Ethiopians · France
1071
+11
🇸🇪 Franks · Sweden
1022
+14
🇫🇷 Goths · France
971
-13
🇫🇷 Wei · France
965
-12
Molk
9:51 Feudal Age
8:51 Loom
15:20 Castle Age
18:42 Scale Barding Armor
22:17 Double-Bit Axe
23:10 Forging
30:31 Gold Mining
34:22 Iron Casting
35:35 Scale Mail Armor
37:23 Chain Barding Armor
41:31 Imperial Age
43:02 Wheelbarrow
46:22 Wheelbarrow
51:27 Town Watch
51:57 Hand Cart
52:56 Husbandry
52:59 Cavalier
55:32 Conscription
58:46 Blast Furnace
58:18 Paladin
60:32 Plate Barding Armor
67:13 Elite Throwing Axeman
KissMyAxe
7:10 Loom
9:36 Feudal Age
10:26 Double-Bit Axe
14:30 Fletching
20:36 Castle Age
20:40 Gold Mining
20:34 Horse Collar
20:54 Crossbowman
22:10 Bodkin Arrow
22:53 Bow Saw
26:29 Scale Mail Armor
29:21 Thumb Ring
32:34 Wheelbarrow
33:51 Forging
33:42 Padded Archer Armor
35:44 Leather Archer Armor
40:28 Imperial Age
40:39 Arbalester
41:20 Bracer
43:07 Ballistics
44:21 Hand Cart
46:36 Gold Shaft Mining
47:02 Two-Man Saw
47:17 Chemistry
47:20 Husbandry
47:27 Scale Barding Armor
48:45 Heavy Camel Rider
50:47 Conscription
53:03 Chain Barding Armor
57:20 Elite Skirmisher
59:59 Iron Casting
65:46 Light Cavalry
Arcturius
6:35 Loom
9:18 Feudal Age
10:49 Wheelbarrow
9:55 Man-at-Arms
21:51 Castle Age
19:59 Stone Mining
22:33 Squires
22:28 Pikeman
28:41 Hand Cart
31:03 Imperial Age
28:20 Town Watch
34:08 Scale Mail Armor
34:19 Forging
39:38 Hand Cart
39:41 Long Swordsman
40:55 Chain Mail Armor
41:12 Two-Handed Swordsman
50:56 Iron Casting
51:16 Champion
51:58 Halberdier
JoeCuck
7:17 Loom
10:37 Feudal Age
11:17 Double-Bit Axe
14:22 Fletching
15:49 Padded Archer Armor
17:39 Horse Collar
23:43 Castle Age
21:38 Stone Mining
23:49 Elite Skirmisher
24:58 Bodkin Arrow
30:21 Wheelbarrow
32:28 Ballistics
33:40 Leather Archer Armor
34:47 Hand Cart
35:53 Bow Saw
40:42 Forging
44:15 Imperial Age
43:46 Thumb Ring
45:34 Parthian Tactics
45:37 Conscription
47:56 Chemistry
47:54 Heavy Plow
50:24 Gold Mining
55:53 Bracer
56:23 Ring Archer Armor
64:10 Iron Casting
63:35 Scale Mail Armor
63:50 Pikeman
65:27 Gold Shaft Mining
66:53 Blast Furnace
66:09 Chain Mail Armor
65:25 Halberdier
Connection lost

Rejoining the realm…

Still unreachable

The connection could not be restored.

Session expired

The server has moved on; the page needs a fresh start.